AoeStats
← chenya_ko

Arabia

509218085Analyzed
1v1 RM · 8d ago on Sep 25, 2026· 52m 49s· 2 players
Game mode
Random Map
Map size
Tiny (2 player)
Population
200
Speed
Normal
Resources
Standard
Victory
Conquest
Starting age
Dark Age
Ending age
Imperial Age
RankedLock teamsTeams togetherTeam positionsShared explorationLock speedFull tech treeHidden civsTurbo modeCheats
Victory
Defeat
🇹🇼 Japanese · Taiwan
1045
+17
🇻🇪 Ethiopians · Venezuela
1067
-17
chenya_ko
2:29 Loom
10:20 Feudal Age
10:25 Man-at-Arms
10:57 Double-Bit Axe
15:09 Fletching
16:19 Padded Archer Armor
17:46 Wheelbarrow
21:32 Castle Age
21:11 Scale Mail Armor
21:21 Forging
20:59 Arson
21:30 Gold Mining
21:22 Horse Collar
21:38 Long Swordsman
22:03 Gambesons
23:24 Chain Mail Armor
23:13 Squires
24:58 Iron Casting
24:39 Elite Skirmisher
26:38 Bow Saw
27:38 Gold Shaft Mining
27:34 Bodkin Arrow
30:40 Leather Archer Armor
32:05 Heavy Plow
31:56 Town Watch
33:28 Stone Mining
35:24 Hand Cart
39:37 Ballistics
42:32 Imperial Age
40:56 Town Patrol
43:13 Masonry
44:37 Chemistry
43:00 Two-Handed Swordsman
44:29 Plate Mail Armor
44:00 Bracer
45:52 Blast Furnace
45:22 Ring Archer Armor
45:30 Champion
joelbirouti
0:26 Loom
9:36 Feudal Age
10:06 Double-Bit Axe
18:30 Padded Archer Armor
18:54 Fletching
21:30 Gold Mining
22:03 Horse Collar
27:14 Castle Age
25:45 Forging
25:28 Stone Mining
25:27 Arson
26:52 Scale Mail Armor
27:23 Crossbowman
28:01 Bodkin Arrow
28:23 Leather Archer Armor
28:12 Heavy Plow
29:09 Stone Shaft Mining
32:39 Wheelbarrow
32:17 Bow Saw
34:22 Squires
35:02 Gold Shaft Mining
36:12 Hand Cart
40:58 Imperial Age
41:15 Arbalester
42:18 Conscription
42:54 Iron Casting
42:57 Chain Mail Armor
48:26 Blast Furnace
48:40 Bracer
Connection lost

Rejoining the realm…

Still unreachable

The connection could not be restored.

Session expired

The server has moved on; the page needs a fresh start.